 Dungeon Crawl Stone Soup version 0.29-a0-998-g1987434951 (webtiles) character file.

Game seed: 17240065891589559708

3707 hesitate the Destroyer (level 9, -2/62 HPs)
             Began as a White Draconian Conjurer on Aug 6, 2022.
             Was a Believer of Vehumet.
             Killed by the air
             ... invoked by Gastronok
              (22 damage)
             ... on level 8 of the Dungeon.
             The game lasted 00:26:53 (9690 turns).

hesitate the Destroyer (White Draconian Conjurer)   Turns: 9690, Time: 00:26:54

Health: -2/62      AC:  9    Str:  6 (9)  XL:     9   Next: 91%
Magic:  3/21       EV: 12    Int: 25 (28) God:    Vehumet [**....]
Gold:   341        SH:  0    Dex: 13 (15) Spells: 13/24 levels left

rFire   . . .      SeeInvis .   r - +4 whip of Ashida {freeze, rC+ Dex+4}
rCold   + + .      Faith    .   (no shield)
rNeg    . . .      Spirit   .   (body armour unavailable)
rPois   .          Reflect  .   (helmet restricted)
rElec   .          Harm     .   j - scarf {+Inv}
rCorr   .          Rampage  .   A - +0 pair of gloves
Will    .....                   a - +0 pair of boots
Stlth   ++........              (no amulet)
HPRegen 0.20/turn               i - ring of wizardry
MPRegen 0.17/turn               K - +6 ring of intelligence

@: mighty, flying, slowed, very slow
A: breathe frost, AC +7, unfitting armour, cold resistance 1, cold-blooded
a: Breathe Frost, Renounce Religion, Evoke Invisibility


You were on level 8 of the Dungeon.
You worshipped Vehumet.
Vehumet was pleased with you.
You visited 2 branches of the dungeon, and saw 10 of its levels.
You also visited: Ossuary.

You collected 341 gold pieces.

Inventory:

Hand Weapons
 r - the +4 whip of Ashida (weapon) {freeze, rC+ Dex+4}
   (You found it on level 6 of the Dungeon)

   It freezes those it strikes, dealing additional cold damage.
   It can also slow down cold-blooded creatures.
   Dex:       It affects your dexterity (+4).
   rC:        It protects you from cold.
 t - a +1 whip of venom
Missiles
 m - 3 throwing nets
Armour
 a - a +0 pair of boots (worn)
 j - a scarf of invisibility (worn)
 A - a +0 pair of gloves (worn)
Jewellery
 i - a ring of wizardry (left hand)
 o - a ring of positive energy
 u - a ring of fire
 K - a +6 ring of intelligence (right hand)
Wands
 x - a wand of digging (17)
 G - a wand of polymorph (3)
 H - a wand of quicksilver (7)
 J - a wand of flame (16)
Scrolls
 c - 2 scrolls of vulnerability {unknown}
 d - 3 scrolls of enchant weapon {unknown}
 e - 2 scrolls of enchant armour {unknown}
 f - 3 scrolls of noise {unknown}
 h - 4 scrolls of teleportation
 k - a scroll of amnesia {unknown}
 l - 2 scrolls of poison {unknown}
 q - 3 scrolls of butterflies
 w - a scroll of fear
 y - a scroll of silence {unknown}
 C - 2 scrolls of magic mapping
 I - a scroll of immolation {unknown}
Potions
 b - 2 potions of flight
 g - a potion of degeneration
 n - 2 potions of might
 p - a potion of ambrosia {unknown}
 s - 2 potions of curing
 v - 6 potions of haste {unknown}
 z - a potion of brilliance {unknown}
 B - a potion of resistance {unknown}
 D - 3 potions of heal wounds {unknown}
 E - 4 potions of mutation {unknown}
 F - a potion of lignification {unknown}


   Skills:
 - Level 1.7 Dodging
 - Level 1.7 Stealth
 - Level 8.0 Spellcasting
 + Level 8.7 Conjurations
 + Level 5.4 Hexes
 + Level 5.9 Translocations


You had 13 spell levels left.
You knew the following spells:

 Your Spells              Type           Power      Damage    Failure   Level
a - Magic Dart            Conj           100%       1d8       1%          1
b - Searing Ray           Conj           100%       2d8       1%          2
c - Fulminant Prism       Conj/Hex       22%        3d13      1%          4
d - Iskenderun's Mystic   Conj/Tloc      46%        2d10      1%          4

Your spell library contained the following spells:

 Spells                   Type           Power      Damage    Failure   Level
 Scorch                   Fire           20%        2d6       3%          2
 Apportation              Tloc           78%        N/A       1%          1
 Blink                    Tloc           78%        N/A       1%          2
 Dazzling Flash           Conj/Hex       90%        N/A       1%          3
 Gell's Gravitas          Tloc           39%        N/A       1%          3
 Lesser Beckoning         Tloc           39%        N/A       1%          3
 Teleport Other           Tloc           39%        N/A       1%          3
 Necrotise                Necr           40%        1d6       2%          1
 Sting                    Tmut/Pois      40%        1d5       2%          1
 Summon Small Mammal      Summ           40%        N/A       2%          1
 Poisonous Vapours        Pois/Air       20%        N/A       3%          2
 Sublimation of Blood     Necr           10%        N/A       3%          2
 Wereblood                Tmut           10%        N/A       3%          2
 Manifold Assault         Tloc           39%        N/A       6%          5
 Ozocubu's Armour         Ice            10%        N/A       8%          3
 Olgreb's Toxic Radiance  Pois           10%        N/A       24%         4
 Dispersal                Tloc           19%        N/A       32%         6
 Ozocubu's Refrigeration  Ice            5%         4d8       100%        7
 Summon Hydra             Summ           5%         N/A       100%        7


Dungeon Overview and Level Annotations

Branches:
Dungeon (9/15)             Temple (1/1) D:5         Ossuary (visited)
   Lair: D:8-11         Orc: D:9-12

Altars:
Ashenzari
Elyvilon
Fedhas
Gozag
Kikubaaqudgha
Makhleb
Nemelex Xobeh
Okawaru
Qazlal
Sif Muna
Trog
Uskayaw
Vehumet
Wu Jian
Xom
Yredelemnul
Zin
The Shining One

Annotations:
D:5 1 runed translucent door, Crazy Yiuf, Prince Ribbit
D:8 Gastronok


Innate Abilities, Weirdness & Mutations

You can breathe waves of freezing cold which knock back foes.
Your icy white scales are hard. (AC +7)
You cannot fit into any form of body armour.
Your flesh is cold resistant. (rC+)
You are cold-blooded and may be slowed by cold attacks.


Message History

Gastronok bites you!!
Casting: Searing Ray (safe; 1% risk of failure)
Confirm with . or Enter, or press ? or * to list all spells.
You erupt in a blast of force!
The mystic blast hits Gastronok!
Gastronok is almost dead.
Gastronok waves his eye-stalks in wide circles.
The air twists around and strikes you!!
* * * LOW HITPOINT WARNING * * *
You feel better. Gastronok misses you.
It was a potion of degeneration.
There was something very wrong with that liquid.
You feel weakened.
You feel dopey.
You feel clumsy.
It was a potion of might.
You feel very mighty all of a sudden. Gastronok barely misses you.
It was a potion of flight.
You feel very buoyant.
You fly up into the air.
Gastronok bites you.
* * * LOW HITPOINT WARNING * * *
Casting: Iskenderun's Mystic Blast (dangerous; 1% risk of failure)
Confirm with . or Enter, or press ? or * to list all spells.
You erupt in a blast of force!
The mystic blast hits Gastronok!
Gastronok is almost dead.
Gastronok is knocked back by the mystic blast.
Okay, then.
You have got your breath back.
Okay, then.
That's the wrong kind of item! (Use * to select it.) Evoke which item? (* to show all) (? for menu, Esc to quit)
You don't have any such object.
Evoke which item? (* to show all) (? for menu, Esc to quit)
Aiming: Quicksilver Bolt
Press: ? - help, Shift-Dir - straight line, f/p - Gastronok
Aim: Gastronok, wearing a +0 hat (almost dead, covering ground quickly, 100% to hit)
The bolt of dispelling energy hits Gastronok!
Gastronok is almost dead.
Gastronok's magical effects unravel!
Gastronok waves his eye-stalks in wide circles.
The air twists around and strikes you!!
You die...

..# #.# #.# #/# #.#
#.# #.# #.# #.# #w#
#.# #.###.###.# #.#
#<..@.....# #.#
#####.##### #.#####
#.#
######.....#####.#
##................#
##.########(#######
##.# #..# ##.# #.##
##.# #.#


You could see Gastronok.

Vanquished Creatures
  A two-headed ogre (D:9)
  2 steam dragons (D:8)
  Grum (D:8)
  Menkaure (D:7)
  2 water moccasins
  A sky beast (D:7)
  An orc warrior (D:8)
  An ice beast (D:5)
  2 black bears (D:5)
  A centaur (D:8)
  2 wolves (D:8)
  2 kobold brigands (D:8)
  An elf zombie (Ossuary)
  2 phantoms (D:5)
  A bullfrog (D:7)
  2 scorpions
  2 howler monkeys (D:5)
  3 centaur zombies (Ossuary)
  6 hounds
  2 jellies
  3 human zombies (Ossuary)
  2 orc priests (D:6)
  6 iguanas
  An orc wizard (D:6)
  2 mummies (Ossuary)
  7 adders
  A shadow imp (D:7)
  A white imp (D:6)
  An ufetubus (D:3)
  2 adder zombies (Ossuary)
  4 dart slugs
  10 orcs
  7 ball pythons
  6 bats
  5 endoplasms
  3 giant cockroaches
  5 goblins
  9 hobgoblins
  4 quokkas
  5 frilled lizards
  A goblin zombie (Ossuary)
  8 hobgoblin zombies (Ossuary)
  23 kobolds
  8 kobold zombies (Ossuary)
  9 orc zombies (Ossuary)
  5 rats
  A rat zombie (Ossuary)
175 creatures vanquished.

Vanquished Creatures (others)
  Psyche (D:8)
  13 fulminant prisms
14 creatures vanquished.

Grand Total: 189 creatures vanquished

Notes
Turn   | Place    | Note
-------+----------+-------------------------------------------
     0 | D:1      | hesitate the Draconian Conjurer began the quest for the
                  | Orb.
     0 | D:1      | Reached XP level 1. HP: 14/14 MP: 3/3
   188 | D:1      | Reached XP level 2. HP: 19/20 MP: 1/5
   605 | D:1      | Found a faded altar of an unknown god.
   657 | D:1      | Reached XP level 3. HP: 16/26 MP: 0/7
  1618 | D:2      | Found a sparkling altar of Nemelex Xobeh.
  2007 | D:3      | Learned a level 2 spell: Searing Ray
  2100 | D:3      | Reached XP level 4. HP: 31/33 MP: 6/10
  2551 | D:3      | You fall into a shaft and drop 1 floor!
  2749 | D:4      | Found a stormy altar of Qazlal.
  2764 | D:4      | Found an opulent altar of Gozag.
  2884 | D:4      | Noticed a scorpion
  2884 | D:4      | Noticed an ice beast
  2928 | D:3      | Killed a scorpion
  2929 | D:3      | Reached skill level 5 in Spellcasting
  2929 | D:3      | Reached XP level 5. HP: 14/38 MP: 7/12
  3236 | D:4      | Found a shimmering blue altar of Sif Muna.
  3403 | D:4      | Found a broken altar of Ashenzari.
  3957 | D:4      | Found a white marble altar of Elyvilon.
  4010 | D:5      | Entered Level 5 of the Dungeon
  4058 | D:5      | Reached XP level 6. HP: 42/45 MP: 6/14
  4227 | D:5      | Noticed Prince Ribbit
  4545 | D:5      | Found a runed translucent door.
  4546 | D:5      | Noticed Crazy Yiuf
  4646 | D:5      | Found a staircase to the Ecumenical Temple.
  4659 | Temple   | Entered the Ecumenical Temple
  4668 | Temple   | Became a worshipper of Vehumet
  4716 | D:5      | Reached skill level 5 in Conjurations
  4716 | D:5      | Your scales start taking on an icy white colour.
  4716 | D:5      | Reached XP level 7. HP: 48/50 MP: 2/17
  4716 | D:5      | Gained mutation: Your flesh is cold resistant. (rC+) [White
                  | Draconian growth]
  5759 | D:6      | Reached XP level 8. HP: 55/57 MP: 14/19
  5871 | D:6      | Identified the +4 whip of Ashida {freeze, rC+ Dex+4}
  6179 | D:6      | Learned a level 4 spell: Fulminant Prism
  6184 | D:6      | Learned a level 4 spell: Iskenderun's Mystic Blast
  6552 | D:7      | Noticed Menkaure
  6780 | D:7      | Found a sand-covered staircase.
  6789 | Ossuary  | Entered an ossuary
  6944 | Ossuary  | Reached * piety under Vehumet
  6944 | Ossuary  | Offered knowledge of Sandblast by Vehumet.
  7159 | Ossuary  | Reached skill level 1 in Hexes
  7159 | Ossuary  | Reached skill level 1 in Translocations
  7483 | D:7      | Offered knowledge of Scorch by Vehumet.
  7485 | D:7      | Reached ** piety under Vehumet
  7676 | D:7      | Killed Menkaure
  8351 | D:8      | Reached XP level 9. HP: 47/62 MP: 15/21
  8461 | D:8      | Found a basalt altar of Yredelemnul.
  8554 | D:8      | Noticed Psyche
  8563 | D:8      | Killed Psyche
  8627 | D:8      | Noticed Grum
  8720 | D:9      | Noticed a two-headed ogre
  8782 | D:9      | Noticed a troll
  8843 | D:9      | Killed a two-headed ogre
  8844 | D:9      | Reached skill level 5 in Translocations
  8985 | D:9      | Noticed a two-headed ogre
  9039 | D:8      | Reached skill level 5 in Hexes
  9202 | D:8      | Killed Grum
  9665 | D:8      | Noticed Gastronok
  9690 | D:8      | Killed from afar by Gastronok

Illustrated notes

Levels and vault maps discovered:
D:1:      moated_graveyard_arrival, layout_rooms, basic_ecumenical_altar,
          st_stairs_4, corexii_corridor_pit, grunt_decor_one_mirror
D:2:      layout_basic, basic_altar, lemuel_flame_loot_1
D:3:      layout_rooms, supply_closet_lemuel, wad_floor_pattern_2
D:4:      layout_gridville, nicolae_overflow_quartered_altars, kennysheep_mini
D:5:      layout_cave_pods, minmay_temple_entry_trees, uniq_prince_ribbit1,
          uniq_crazy_yiuf_cottage
D:6:      layout_gridville, due_unseen_surprise
D:7:      layout_basic, lightli_ossuary_entry_decrepit_ruins, uniq_menkaure
D:8:      layout_loops_ring, lemuel_coloured_pillars_altar,
          riverfiend_overflow_shadow_ancestor, uniq_psyche, uniq_gastronok,
          uniq_grum
D:9:      minmay_spotlight, layout_rooms, david_orc_5,
          nicolae_concentric_dashed_squares_wild, disabler_island
Temple:   eino_temple_lava

Skill      XL: |  1  2  3  4  5  6  7  8  9 |
---------------+----------------------------+-----
Spellcasting   | 3 4 5 6 7 8 |  8.0
Conjurations   | 5 7 8 |  8.7
Hexes          | 3 5 |  5.4
Translocations | 3 5 |  5.9
Dodging        | |  1.7
Stealth        | |  1.7

Action                   |  1- 3 |  4- 6 |  7- 9 || total
-------------------------+-------+-------+-------++-------
Melee: Unarmed           |     2 |       |       ||     2
       Whip              |       |       |    13 ||    13
       Tailslap          |       |       |     4 ||     4
 Cast: Magic Dart        |    97 |   101 |    26 ||   224
       Searing Ray       |       |     9 |    70 ||    79
       Fulminant Prism   |       |       |    13 ||    13
       Iskenderun's Myst |       |       |     4 ||     4
 Abil: Breathe Frost     |       |       |    11 ||    11
Evoke: Wand              |       |       |     2 ||     2
  Use: Potion            |       |     5 |     4 ||     9
       Scroll            |       |       |     5 ||     5
Armor: Skin              |    21 |    33 |    48 ||   102
Dodge: Dodged            |    41 |    65 |    71 ||   177

Table legend: (Time is in decaauts)
 A = Elapsed time spent in this place.
 B = Non-inter-level travel time spent in this place.
 C = Inter-level travel time spent in this place.
 D = Time resting spent in this place.
 E = Time spent auto-exploring this place.
 F = Levels seen in this place.
 G = Mean time per level.
                   A        B        C        D        E       F      G
               +--------+--------+--------+--------+--------+-----+--------+
         Total |   9695 |   9392 |    303 |   2731 |   4871 |  11 |  881.4 |
       Dungeon |   9090 |   8787 |    303 |   2471 |   4743 |   9 | 1010.0 |
        Temple |     37 |     37 |      0 |      7 |      8 |   1 |   37.0 |
       Ossuary |    567 |    567 |      0 |    253 |    120 |   1 |  567.0 |
               +--------+--------+--------+--------+--------+-----+--------+

Top non-repeatable levels by time:
     D:5: 1542 daAuts
     D:4: 1145 daAuts
     D:6: 1106 daAuts
     D:1: 1087 daAuts
     D:7: 1049 daAuts
     D:8: 1024 daAuts
     D:3: 898 daAuts
     D:2: 878 daAuts
 Ossuary: 567 daAuts
     D:9: 359 daAuts
  Temple: 37 daAuts
